 Dungeon Crawl Stone Soup version 0.26.1-2-gb8aa6d0cf2 (webtiles) character file.

Game seed: 8642533594719448279

142 Gadfly the Skirmisher (level 5, -2/54 HPs)
             Began as an Ogre Monk on Feb 13, 2021.
             Shot with an arrow by a centaur (13 damage)
             ... on level 3 of the Dungeon.
             The game lasted 00:02:51 (2857 turns).

Gadfly the Skirmisher (Ogre Monk)                   Turns: 2857, Time: 00:02:51

Health: -2/54      AC:  3    Str: 16    XL:     5   Next: 24%
Magic:  6/6        EV: 10    Int: 11    God:
Gold:   132        SH:  0    Dex: 11    Spells: 4/4 levels left

rFire    . . .     SeeInvis .   b - +0 dagger (venom)
rCold    . . .     Faith    .   (no shield)
rNeg     . . .     Spirit   .   e - +0 robe
rPois    .         Reflect  .   (helmet restricted)
rElec    .         Harm     .   (no cloak)
rCorr    .         Rampage  .   (gloves unavailable)
Will     .....                  (boots unavailable)
Stlth    ++........             (no amulet)
HPRegen  0.18/turn              (no ring)
MPRegen  0.10/turn              (no ring)

@: no status effects
A: large, unfitting armour, tough skin 1
a: no special abilities


You were on level 3 of the Dungeon.
You visited 1 branch of the dungeon, and saw 3 of its levels.

You collected 132 gold pieces.

Inventory:

Hand Weapons
 a - a +0 mace
 b - a +0 dagger of venom (weapon)
Missiles
 i - 59 stones (quivered)
Armour
 e - a +0 robe (worn)
Scrolls
 d - a scroll of magic mapping {unknown}
 f - a scroll of remove curse
Potions
 c - a potion of resistance {unknown}
 g - a potion of berserk rage
 h - a potion of heal wounds {unknown}


   Skills:
 - Level 4.0 Fighting
 + Level 3.1 Maces & Flails
 * Level 1.8 Throwing
 * Level 1.6 Armour
 - Level 2.6 Dodging
 - Level 1.4 Stealth
 * Level 2.2 Invocations
 * Level 1.5 Evocations


You had 4 spell levels left.
You didn't know any spells.
Your spell library was empty.

Dungeon Overview and Level Annotations

Branches:
Dungeon (3/15)

Altars:


Innate Abilities, Weirdness & Mutations

You are too large for most types of armour.
You have tough skin. (AC +1)


Message History

You are too injured to fight recklessly!
You are too injured to fight recklessly!
You are too injured to fight recklessly!
You are too injured to fight recklessly!
You are too injured to fight recklessly!
You are too injured to fight recklessly!
You are too injured to fight recklessly!
You are too injured to fight recklessly!
You are too injured to fight recklessly!
You are too injured to fight recklessly!
You are too injured to fight recklessly!
You are too injured to fight recklessly!
You are too injured to fight recklessly!
You hit the centaur but do no damage.
The centaur is heavily wounded.
The centaur hits you.
* * * LOW HITPOINT WARNING * * *
The centaur wields a +0 shortbow.
The centaur shoots an arrow.
The arrow closely misses you.
The centaur shoots an arrow.
The arrow hits you!
You die...

.## #.# ..# #.#
#.# #.# #.###.#
##..##.# (...##.#
....##.#########
r..(.#.c...(((.###
...#.#.#######.#@#
...#.(.# ##.#)#
...##..######.[c.#
...##.>.........##
...###.######.###
#### #.#.......#
#.#.####### ...
#.#


You could see a centaur (very poisoned).

Vanquished Creatures
  An orc wizard (D:3)
  An iguana (D:3)
  4 adders
  An ooze (D:2)
  A dart slug (D:1)
  3 leopard geckos (D:2)
  3 orcs (D:3)
  5 bats
  4 giant cockroaches
  3 hobgoblins
  A quokka (D:2)
  2 frilled lizards (D:2)
  5 goblins
  4 kobolds
  2 rats (D:1)
40 creatures vanquished.

Notes
Turn   | Place    | Note
-------+----------+-------------------------------------------
     0 | D:1      | Gadfly the Ogre Monk began the quest for the Orb.
     0 | D:1      | Reached XP level 1. HP: 24/24 MP: 1/1
   123 | D:1      | Reached XP level 2. HP: 16/32 MP: 2/2
   564 | D:1      | You fall into a shaft and drop 1 floor!
   645 | D:1      | Reached skill level 1 in Invocations
   837 | D:1      | Reached skill level 1 in Throwing
   837 | D:1      | Reached XP level 3. HP: 39/39 MP: 3/3
  1293 | D:2      | Reached skill level 1 in Evocations
  1418 | D:2      | Reached skill level 1 in Armour
  1473 | D:2      | Found a faded altar of an unknown god.
  1677 | D:2      | Reached XP level 4. HP: 47/48 MP: 5/5
  2222 | D:2      | HP: 2/48 [quokka (2)]
  2535 | D:3      | Reached XP level 5. HP: 48/54 MP: 6/6
  2589 | D:3      | Noticed a centaur
  2857 | D:3      | Shot with an arrow by a centaur

Illustrated notes

Levels and vault maps discovered:
D:1:      ncdulo_wetmaze, layout_rooms, serial_rivers,
          chequers_serial_rivers_micro_b, chequers_serial_rivers_micro_d,
          chequers_serial_rivers_room_a, chequers_serial_rivers_micro_d
D:2:      layout_loops_ring, chequers_ecumenical_altar_twisty
D:3:      layout_basic, minmay_vboxes

Skill      XL: |  1  2  3  4 |
---------------+-------------+-----
Invocations    | 1 2 |  2.2
Throwing       | 1 |  1.8
Evocations     | 1 |  1.5
Armour         | 1 |  1.6
Maces & Flails | 3 |  3.1
Fighting       | |  4.0
Dodging        | |  2.6
Stealth        | |  1.4

Action                   |  1- 3 |  4- 6 || total
-------------------------+-------+-------++-------
Melee: Mace              |    90 |    28 ||   118
       Dagger            |       |    31 ||    31
Throw: Stone             |     1 |     2 ||     3
  Use: Scroll            |     3 |     1 ||     4
       Potion            |       |     3 ||     3
 Stab: Sleeping          |     6 |       ||     6
Armor: Robe              |    40 |    10 ||    50
Dodge: Dodged            |    58 |    51 ||   109
